[Event "TCEC Season 22 - Infrafinal"]
[Site "https://tcec-chess.com"]
[Date "2022.03.29"]
[Round "1.1"]
[White "rofChade 2.323"]
[Black "LCZero 0.29-dev+_AP-Mish-2M"]
[Result "1/2-1/2"]
[ECO "C40"]
[WhiteElo "3484"]
[BlackElo "3589"]
[Annotator "NA RC"]
[PlyCount "293"]
[EventDate "2022.??.??"]
[SourceTitle "playchess.com"]
[Source "ChessBase"]
[SourceQuality "1"]
[TimeControl "5400+9"]

1. e4 e5 2. Nf3 d5 3. exd5 e4 4. Qe2 Nf6 5. d3 Qxd5 6. Nbd2 Nc6 7. dxe4 Qe6 8. Qe3 Nb4 9. Bd3 b6 10. O-O Bc5 11. Nd4 Qd6 12. N2f3 Ng4 13. Qf4 Nxd3 14. Qxd6 Bxd6 15. cxd3 Ne5 16. Nxe5 Bxe5 17. Nc6 Bf6 18. e5 Bd8 19. Nxd8 Kxd8 20. Bg5+ Kd7 21. d4 h6 22. Be3 Bb7 23. f3 h5 24. h4 a5 25. a3 Bd5 26. Rac1 c6 27. Kf2 a4 28. Bd2 Rh7 29. Rfd1 Be6 30. Be3 Bd5 31. Re1 Ra5 32. Bd2 Ra8 33. Bb4 Rg8 34. Rh1 Be6 35. Rce1 Ra8 36. Re4 Bf5 37. Rf4 Be6 38. Rc1 Rh6 39. Kg3 Rhh8 40. Be1 Rh7 41. Rc3 Bd5 42. Kf2 Ke6 43. Kg3 Rh6 44. Bd2 Rf8 45. Kf2 f5 46. Re3 Rf7 47. Bb4 Rg6 48. Bd2 Rh6 49. Bc3 Rg6 50. Re1 Ke7 51. Bb4+ Ke6 52. Rg1 Kd7 53. Rb1 Ke6 54. Rc1 Kd7 55. Rf1 Ke8 56. Re1 Rh6 57. Bc3 Kd7 58. Bd2 Ke7 59. Bc1 Rg6 60. Bd2 Kd7 61. Re3 Ke6 62. Bb4 Rh6 63. Rc3 Kd7 64. Bd6 Rg6 65. Rc2 Ke6 66. Bb4 Rh6 67. Kg3 Kd7 68. Rc1 Rg6+ 69. Kf2 Ke8 70. g3 Rh6 71. Re1 g6 72. Rc1 Kd7 73. Bc3 Rhh7 74. Be1 Ke7 75. Bd2 Kd7 76. Rc2 Ke7 77. Ke3 Ke8 78. Rc1 Kd7 79. Bb4 Kd8 80. Kd3 Kd7 81. Ke3 Kd8 82. Kd2 Kd7 83. Bd6 Ke8 84. Ke3 Kd7 85. Bb8 Kd8 86. Rb1 Kd7 87. Bd6 Ke8 88. Kf2 Kd7 89. Rh1 Rh8 90. Rc1 Rhh7 91. Bb4 Ke8 92. Re1 Kd7 93. Rg1 Ke8 94. Rc1 Kd7 95. Bc3 Ke8 96. Ke1 Kd7 97. Bb4 Rh8 98. Kf2 Rhh7 99. Rc2 Rh8 100. Bd6 Rfh7 101. Rc1 Rf7 102. Ra1 Rhh7 103. Bb4 Ke8 104. Rg1 Rh8 105. Be1 Rhh7 106. Ke3 Rhg7 107. Ke2 Ke7 108. Bd2 Rh7 109. Ke3 Ke8 110. Be1 Rhg7 111. Bd2 Ke7 112. Bc1 Ke8 113. Kf2 Rh7 114. Bd2 Kd7 115. Ke3 Ke8 116. Bb4 Rh8 117. e6 Bxe6 118. d5 Bxd5 119. Bc3 Re7+ 120. Kf2 Rg8 121. Rxa4 Kf7 122. Re1 Rge8 123. Rxe7+ Rxe7 124. Ra6 Re2+ 125. Kxe2 Bc4+ 126. Ke3 Bxa6 127. Be5 Bc4 128. Kd4 Bd5 129. Bc7 b5 130. f4 Ke6 131. Kc5 Bf3 132. Be5 Kd7 133. Bh8 Bd1 134. Bg7 Bf3 135. Be5 Bd1 136. Kd4 Ke6 137. Kc5 Kd7 138. Bf6 Bf3 139. Bc3 Bd1 140. Bh8 Bf3 141. Bd4 Bd1 142. b4 Bf3 143. Ba1 Bh1 144. Be5 Bg2 145. Bg7 Bh1 146. Bb2 Ke6 147. Bh8 1/2-1/2

[Event "TCEC Season 22 - Infrafinal"]
[Site "https://tcec-chess.com"]
[Date "2022.03.29"]
[Round "2.1"]
[White "LCZero 0.29-dev+_AP-Mish-2M"]
[Black "rofChade 2.323"]
[Result "*"]
[ECO "C40"]
[WhiteElo "3589"]
[BlackElo "3484"]
[Annotator "NA"]
[PlyCount "112"]
[EventDate "2022.??.??"]
[SourceTitle "playchess.com"]
[Source "ChessBase"]
[SourceQuality "1"]
[TimeControl "5400+9"]

1. e4 e5 2. Nf3 d5 3. exd5 e4 4. Qe2 Nf6 5. Nc3 Be7 6. Nxe4 Nxd5 7. c4 Nb4 8. d4 O-O 9. a3 Re8 10. Bf4 Bf5 11. O-O-O Bd6 12. Ne5 N4c6 13. Ng3 Bd7 14. Qd2 Nxe5 15. dxe5 Bxe5 16. Be2 Bf6 17. Bf3 Bc6 18. Qxd8 Bxd8 19. Rhe1 Rxe1 20. Rxe1 Kf8 21. Rd1 Be7 22. Bxc7 Bxf3 23. gxf3 Na6 24. Bd6 Bxd6 25. Rxd6 Rc8 26. b3 g6 27. f4 Ke7 28. Rd5 Rc6 29. Kd2 Nc7 30. Re5+ Kd7 31. f5 g5 32. Re3 Rh6 33. Ne4 Rxh2 34. Ke2 b6 35. b4 g4 36. Nf6+ Kd8 37. Nxg4 Rh5 38. Ne5 Rxf5 39. Nc6+ Kd7 40. Nxa7 Rf4 41. Rd3+ Ke6 42. Nc8 Rxc4 43. Re3+ Kf6 44. Nxb6 Rd4 45. Rf3+ Kg7 46. Rc3 Nb5 47. Rg3+ Kf6 48. a4 Rd6 49. Rh3 Nd4+ 50. Kf1 Ke6 51. a5 Nc6 52. Re3+ Kf6 53. Re4 Rd1+ 54. Kg2 Ra1 55. Nd7+ Kf5 56. Rc4 Ne7 *

[Event "TCEC Season 22 - Infrafinal"]
[Site "https://tcec-chess.com"]
[Date "2022.03.29"]
[Round "4.1"]
[White "LCZero 0.29-dev+_AP-Mish-2M"]
[Black "rofChade 2.323"]
[Result "*"]
[ECO "A52"]
[WhiteElo "3589"]
[BlackElo "3484"]
[Annotator "NA RC"]
[PlyCount "21"]
[EventDate "2022.??.??"]
[SourceTitle "playchess.com"]
[Source "ChessBase"]
[SourceQuality "1"]
[TimeControl "5400+9"]

1. d4 Nf6 2. c4 e5 3. dxe5 Ng4 4. e4 Nxe5 5. Nc3 Bb4 6. f4 Bxc3+ 7. bxc3 Nec6 8. Nf3 Qe7 9. Bd3 Na6 10. e5 b6 11. a4 *

[Event "TCEC Season 22 - Infrafinal"]
[Site "https://tcec-chess.com"]
[Date "2022.03.29"]
[Round "5.1"]
[White "rofChade 2.323"]
[Black "LCZero 0.29-dev+_AP-Mish-2M"]
[Result "1/2-1/2"]
[ECO "D08"]
[WhiteElo "3484"]
[BlackElo "3589"]
[Annotator "NA RC"]
[PlyCount "95"]
[EventDate "2022.??.??"]
[SourceTitle "playchess.com"]
[Source "ChessBase"]
[SourceQuality "1"]
[TimeControl "5400+9"]

1. d4 d5 2. c4 e5 3. dxe5 d4 4. Nf3 Nc6 5. Nbd2 Nge7 6. Nb3 Ng6 7. Nbxd4 Ngxe5 8. Nxe5 Nxe5 9. e3 Bc5 10. Bd2 Bxd4 11. exd4 Qxd4 12. Bc3 Qe4+ 13. Qe2 Nd3+ 14. Kd2 Qxe2+ 15. Kxe2 Nf4+ 16. Kf3 Ne6 17. Rd1 O-O 18. Bd3 Nc5 19. Bc2 Be6 20. b3 a5 21. Rhe1 a4 22. Bb4 axb3 23. axb3 b6 24. Bxc5 bxc5 25. Re5 Ra5 26. Kf4 g6 27. g4 Rb8 28. h4 Rb6 29. Rde1 Kg7 30. f3 h6 31. g5 hxg5+ 32. hxg5 Ra2 33. R1e2 Kf8 34. Ke3 Rc6 35. Be4 Rxe2+ 36. Kxe2 Rb6 37. Bc2 Rc6 38. Be4 Rb6 39. Rxc5 Rxb3 40. Rxc7 Ke8 41. c5 Ra3 42. c6 Ra5 43. f4 Kd8 44. Rb7 Ra3 45. Kd2 Ke8 46. Ke2 Kd8 47. Kd2 Ra4 48. Ke3 1/2-1/2

[Event "TCEC Season 22 - Infrafinal"]
[Site "https://tcec-chess.com"]
[Date "2022.03.29"]
[Round "7.1"]
[White "rofChade 2.323"]
[Black "LCZero 0.29-dev+_AP-Mish-2M"]
[Result "1/2-1/2"]
[ECO "A15"]
[WhiteElo "3484"]
[BlackElo "3589"]
[Annotator "NA"]
[PlyCount "104"]
[EventDate "2022.??.??"]
[SourceTitle "playchess.com"]
[Source "ChessBase"]
[SourceQuality "1"]
[TimeControl "5400+9"]

1. Nf3 Nf6 2. c4 d5 3. cxd5 c6 4. dxc6 Nxc6 5. d4 e5 6. dxe5 Qxd1+ 7. Kxd1 Ng4 8. Ke1 g6 9. Nc3 Bg7 10. e4 O-O 11. Bc4 Re8 12. Ke2 Ngxe5 13. Nxe5 Nxe5 14. Bd5 Be6 15. Rd1 Nc4 16. f3 f5 17. Bxe6+ Rxe6 18. Rb1 Rae8 19. Kf2 Rb6 20. Nd5 Nxb2 21. Rxb2 Rxb2+ 22. Bxb2 Bxb2 23. exf5 gxf5 24. f4 Re4 25. Kf3 Ra4 26. Ne7+ Kf8 27. Nxf5 Rxa2 28. Rd8+ Kf7 29. Rd7+ Ke6 30. Rd6+ Kf7 31. Rh6 Kg8 32. Re6 h5 33. Nd6 Bc1 34. f5 Ra3+ 35. Ke4 Re3+ 36. Kd5 a5 37. Rg6+ Kf8 38. Nxb7 Bb2 39. g3 Re5+ 40. Kc4 Rxf5 41. Ra6 h4 42. gxh4 Rf4+ 43. Kd3 a4 44. h5 a3 45. Nc5 Rh4 46. h6 Rxh2 47. h7 Rxh7 48. Ra8+ Kg7 49. Ra6 Rh2 50. Ra7+ Kf6 51. Na4 Rh3+ 52. Kc4 Bc1 1/2-1/2

[Event "TCEC Season 22 - Infrafinal"]
[Site "https://tcec-chess.com"]
[Date "2022.03.30"]
[Round "11.1"]
[White "rofChade 2.323"]
[Black "LCZero 0.29-dev+_AP-Mish-2M"]
[Result "1/2-1/2"]
[ECO "A40"]
[WhiteElo "3484"]
[BlackElo "3589"]
[Annotator "NA RC"]
[PlyCount "119"]
[EventDate "2022.??.??"]
[SourceTitle "playchess.com"]
[Source "ChessBase"]
[SourceQuality "1"]
[TimeControl "5400+9"]

1. d4 g6 2. c4 f5 3. h4 c5 4. h5 Bg7 5. e3 d6 6. Nc3 Nc6 7. Nf3 Nh6 8. Bd2 e6 9. Qb3 g5 10. d5 exd5 11. Nxd5 O-O 12. Bc3 Rf7 13. Bxg7 Rxg7 14. O-O-O Be6 15. a3 a6 16. Qc3 Rf7 17. Qd2 Rb8 18. e4 f4 19. Rg1 Bg4 20. Qc3 Bxf3 21. gxf3 Ne5 22. Bh3 Kf8 23. b4 b6 24. Rg2 Rg7 25. Kb1 Qe8 26. Rdg1 Qxh5 27. Nxf4 gxf4 28. Rxg7 Qxh3 29. Qd2 Qe6 30. Qxf4+ Nef7 31. Rxh7 Rd8 32. bxc5 bxc5 33. e5 dxe5 34. Rh8+ Ke7 35. Qh4+ Qf6 36. Qxf6+ Kxf6 37. Rxd8 Nxd8 38. Rd1 Nhf7 39. Rd7 Nc6 40. Rd5 Kf5 41. Rxc5 Nfd8 42. Rd5 Kf4 43. Rd3 Nd4 44. Kb2 Nb7 45. Kc3 Nxf3 46. Rd7 Nc5 47. Rc7 Ne6 48. Rc6 Nfg5 49. Rxa6 Kf3 50. a4 Kxf2 51. a5 e4 52. Rb6 e3 53. a6 Ne4+ 54. Kc2 e2 55. Rb1 Ke3 56. a7 Nc7 57. c5 Ng5 58. a8=R Nxa8 59. Re1 Nc7 60. Rxe2+ 1/2-1/2

[Event "TCEC Season 22 - Infrafinal"]
[Site "https://tcec-chess.com"]
[Date "2022.03.30"]
[Round "13.1"]
[White "rofChade 2.323"]
[Black "LCZero 0.29-dev+_AP-Mish-2M"]
[Result "1/2-1/2"]
[ECO "A41"]
[WhiteElo "3484"]
[BlackElo "3589"]
[Annotator "NA"]
[PlyCount "77"]
[EventDate "2022.??.??"]
[SourceTitle "playchess.com"]
[Source "ChessBase"]
[SourceQuality "1"]
[TimeControl "5400+9"]

1. d4 d6 2. Nf3 Bg4 3. e4 Nf6 4. h3 Bh5 5. Nc3 Bg6 6. Qe2 e6 7. h4 h6 8. g4 d5 9. exd5 Nxd5 10. Ne5 Bb4 11. Nxg6 Nxc3 12. Qd3 Nxa2+ 13. c3 Nxc1 14. Rxc1 fxg6 15. Qxg6+ Kd7 16. cxb4 Qf6 17. Qc2 Nc6 18. Bg2 Rad8 19. Bxc6+ bxc6 20. Qxc6+ Ke7 21. Rh3 Qxd4 22. Qxc7+ Rd7 23. Qc5+ Rd6 24. Qc7+ Rd7 25. Qc5+ Rd6 26. Qxd4 Rxd4 27. Rc7+ Kf6 28. Rf3+ Ke5 29. Rxg7 Rb8 30. g5 Rxh4 31. Re3+ Kd6 32. gxh6 Rbxb4 33. Rxa7 Rh1+ 34. Kd2 Rxb2+ 35. Kc3 Rxf2 36. h7 Rfh2 37. h8=Q Rxh8 38. Ra6+ Kd7 39. Rexe6 1/2-1/2

[Event "TCEC Season 22 - Infrafinal"]
[Site "https://tcec-chess.com"]
[Date "2022.03.31"]
[Round "17.1"]
[White "rofChade 2.323"]
[Black "LCZero 0.29-dev+_AP-Mish-2M"]
[Result "1/2-1/2"]
[ECO "D06"]
[WhiteElo "3484"]
[BlackElo "3589"]
[Annotator "NA RC"]
[PlyCount "113"]
[EventDate "2022.??.??"]
[SourceTitle "playchess.com"]
[Source "ChessBase"]
[SourceQuality "1"]
[TimeControl "5400+9"]

1. d4 d5 2. c4 Bf5 3. cxd5 Nf6 4. Nf3 Nxd5 5. Nbd2 Nf6 6. g3 Nc6 7. Bg2 g6 8. Qb3 Nxd4 9. Nxd4 Qxd4 10. Bxb7 Rd8 11. Nf3 Qb6 12. Be3 Qxb3 13. axb3 Bg7 14. Rxa7 O-O 15. O-O Nd5 16. Bc5 Bxb2 17. Bc6 h6 18. h4 Bf6 19. Re1 Be4 20. Ra4 Bxf3 21. exf3 Nb6 22. Ra7 Rd3 23. b4 Nd7 24. Be3 Ne5 25. Rxc7 Nxc6 26. Rxc6 Rb3 27. Bc5 Rxf3 28. Bxe7 Bxe7 29. Rxe7 Rb8 30. Rc4 Kg7 31. Kf1 Ra8 32. Ke2 Raa3 33. Re5 Rf6 34. Rf4 Rxf4 35. gxf4 Rb3 36. b5 Kf6 37. Kd2 Rf3 38. Rc5 Ke6 39. f5+ gxf5 40. b6 Rb3 41. Rc6+ Kd5 42. Rxh6 Ke5 43. Rc6 Kd5 44. Rh6 Ke5 45. Kc2 Rb5 46. f3 f6 47. f4+ Ke6 48. Rh8 Rxb6 49. h5 Kf7 50. Rh7+ Kg8 51. Ra7 Rd6 52. Ra5 Kh7 53. h6 Kg6 54. h7 Rd8 55. Ra7 Rh8 56. Kd2 Rxh7 57. Rxh7 1/2-1/2

[Event "TCEC Season 22 - Infrafinal"]
[Site "https://tcec-chess.com"]
[Date "2022.03.31"]
[Round "21.1"]
[White "rofChade 2.323"]
[Black "LCZero 0.29-dev+_AP-Mish-2M"]
[Result "1/2-1/2"]
[ECO "C46"]
[WhiteElo "3484"]
[BlackElo "3589"]
[Annotator "NA"]
[PlyCount "276"]
[EventDate "2022.??.??"]
[SourceTitle "playchess.com"]
[Source "ChessBase"]
[SourceQuality "1"]
[TimeControl "5400+9"]

1. e4 e5 2. Nf3 Nc6 3. Nc3 g6 4. d4 exd4 5. Nxd4 Bg7 6. Be3 d6 7. Qd2 Nxd4 8. Bxd4 Nf6 9. f3 Be6 10. O-O-O h5 11. h3 c6 12. Kb1 Qa5 13. Qf4 g5 14. Qxd6 Rd8 15. Qe5 Qxe5 16. Bxe5 Ke7 17. Bd3 h4 18. Ne2 Nh5 19. Bh2 Rd7 20. Rhf1 Rg8 21. a3 a6 22. e5 Rd5 23. Be4 Rxd1+ 24. Rxd1 Bh8 25. Rd2 Re8 26. Rd6 Rg8 27. Rd2 Re8 28. b3 Kf8 29. f4 gxf4 30. Nxf4 Ng3 31. Nxe6+ Rxe6 32. Rd8+ Re8 33. Rxe8+ Kxe8 34. Bxg3 hxg3 35. Bf5 a5 36. e6 fxe6 37. Bxe6 Ke7 38. Bc8 b6 39. Kc1 Bc3 40. Bb7 Kd6 41. Kd1 b5 42. a4 bxa4 43. bxa4 c5 44. Ke2 Ke5 45. Kd3 Bb2 46. Kc4 Ba3 47. Ba6 Kf6 48. Bb5 Kg5 49. Bd7 Kh5 50. Bc8 Kh4 51. Kb5 Bb4 52. Kc4 Ba3 53. Kb5 Bb4 54. Bg4 Kg5 55. Bf3 Kh4 56. Bd1 Kg5 57. Kc4 Ba3 58. Kb5 Bb4 59. Kc4 Ba3 60. Bg4 Kh4 61. Kb5 Bb4 62. Bd7 Kg5 63. Be8 Kh4 64. Kc4 Ba3 65. Kb3 Bc1 66. Kc4 Ba3 67. Kb5 Bb4 68. Bf7 Kg5 69. Be6 Kh4 70. Kc4 Ba3 71. Bg4 Kg5 72. Kb5 Bb4 73. Kc4 Ba3 74. Bf3 Kh4 75. Be2 Kg5 76. Kb3 Bc1 77. Bf3 Kh4 78. Kc3 Kg5 79. Kc4 Ba3 80. Bg4 Kh4 81. Kb3 Bc1 82. Bd1 Kg5 83. Bf3 Kh4 84. Ba8 Kg5 85. Kc4 Ba3 86. Kb5 Bb4 87. c4 Kh4 88. Bf3 Kg5 89. Kc6 Kh4 90. Bd1 Kg5 91. Bf3 Kh4 92. Bg4 Kg5 93. Kb7 Kh4 94. Kc6 Kg5 95. Kb5 Kh4 96. Bf3 Kg5 97. Kb6 Kh4 98. Bd5 Kg5 99. Bb7 Kh4 100. Be4 Kg5 101. Kb5 Kh4 102. Kc6 Kg5 103. Kb5 Kh4 104. Bd5 Kg5 105. Bf3 Kh4 106. Be2 Kg5 107. Kc6 Kh4 108. Bf3 Ba3 109. Kb6 Bb4 110. Bg4 Kg5 111. Kc6 Kh4 112. Kd5 Ba3 113. Bf3 Bb4 114. Ke6 Kg5 115. Kd5 Kh4 116. Be2 Ba3 117. Ke4 Bb4 118. Kf5 Ba3 119. Ke4 Bb4 120. Kf5 Ba3 121. Bf3 Bb4 122. Bg4 Ba3 123. Ke6 Bb4 124. Bf3 Ba3 125. Kd7 Bb4 126. Be2 Ba3 127. Kc6 Bb4 128. Kb6 Kg5 129. Kb5 Kh4 130. Bg4 Kg5 131. Kb6 Kh4 132. Bf3 Kg5 133. h4+ Kxh4 134. Kb5 Kg5 135. Bd5 Kf4 136. Bf3 Ke3 137. Bd5 Kd4 138. Bc6 Kc3 1/2-1/2

[Event "TCEC Season 22 - Infrafinal"]
[Site "https://tcec-chess.com"]
[Date "2022.04.01"]
[Round "25.1"]
[White "rofChade 2.323"]
[Black "LCZero 0.29-dev+_AP-Mish-2M"]
[Result "1/2-1/2"]
[ECO "D11"]
[WhiteElo "3484"]
[BlackElo "3589"]
[Annotator "NA RC"]
[PlyCount "83"]
[EventDate "2022.??.??"]
[SourceTitle "playchess.com"]
[Source "ChessBase"]
[SourceQuality "1"]
[TimeControl "5400+9"]

1. d4 d5 2. c4 c6 3. Nf3 Bf5 4. cxd5 cxd5 5. Qb3 Nc6 6. Nc3 Nf6 7. Qxb7 Bd7 8. Bf4 Rc8 9. a3 Ne4 10. e3 f6 11. Qa6 g5 12. Bg3 h5 13. h4 Nxg3 14. fxg3 g4 15. Nd2 e6 16. Bb5 Bh6 17. Nb3 Qb6 18. Qxb6 axb6 19. Kd2 Kf7 20. Rhc1 Rhe8 21. Rf1 Kg7 22. Rac1 Red8 23. Bd3 Ne7 24. Rf2 e5 25. Rcf1 Rf8 26. Ba6 Rcd8 27. Bb5 Bc8 28. Ke2 Kg6 29. dxe5 Nf5 30. Rxf5 Bxf5 31. e6 Bxe6 32. Nd4 Bc8 33. Kd2 Rf7 34. Bd3+ Kg7 35. Nce2 Rc7 36. Nf4 Bxf4 37. Rxf4 Bd7 38. Ne2 Be8 39. Rb4 Rd6 40. Nd4 Kf7 41. Nf5 Re6 42. Nd4 1/2-1/2

[Event "TCEC Season 22 - Infrafinal"]
[Site "https://tcec-chess.com"]
[Date "2022.04.01"]
[Round "27.1"]
[White "rofChade 2.323"]
[Black "LCZero 0.29-dev+_AP-Mish-2M"]
[Result "1/2-1/2"]
[ECO "B00"]
[WhiteElo "3484"]
[BlackElo "3589"]
[Annotator "NA RC"]
[PlyCount "247"]
[EventDate "2022.??.??"]
[SourceTitle "playchess.com"]
[Source "ChessBase"]
[SourceQuality "1"]
[TimeControl "5400+9"]

1. e4 b6 2. d4 Bb7 3. Bd3 Nf6 4. Qe2 e6 5. Nf3 d5 6. e5 Nfd7 7. O-O c5 8. c3 Nc6 9. h4 h6 10. h5 Be7 11. Bf4 c4 12. Bc2 b5 13. Nbd2 b4 14. Bg3 a5 15. Nh2 a4 16. Qg4 a3 17. Qxg7 Rf8 18. b3 bxc3 19. Ndf3 Qb6 20. Ng4 cxb3 21. axb3 Nxd4 22. Nxd4 Qxd4 23. Nxh6 O-O-O 24. Bh7 Nc5 25. Nxf7 Rd7 26. h6 Ba6 27. Rfd1 Qb4 28. Bc2 Be2 29. Rdc1 Nd3 30. h7 Nxc1 31. Rxc1 a2 32. h8=Q Rxh8 33. Qxh8+ Kb7 34. Ra1 Qa3 35. Qh6 Qb2 36. Rxa2 Qxa2 37. Qxe6 Bb5 38. Qf5 Rc7 39. Nd6+ Bxd6 40. exd6 Rd7 41. Kh2 Bc6 42. f3 Qb2 43. Be5 Qa3 44. Bf4 Qc5 45. Qe5 Rd8 46. Qe7+ Rd7 47. Qe5 Rd8 48. Qf6 Rb8 49. Qg7+ Ka6 50. Bd3+ Bb5 51. Bf5 d4 52. Qf6 Qb6 53. b4 Re8 54. Be5 c2 55. Bf4 d3 56. Be4 Rxe4 57. fxe4 Bd7 58. Qc3 c1=Q 59. Qxc1 Qxb4 60. Qa1+ Kb7 61. Qg7 Qb5 62. e5 Kc6 63. Qg8 Kb7 64. Qh7 d2 65. Qc2 Qe2 66. Qxd2 Qxd2 67. Bxd2 Kc6 68. Kg3 Kd5 69. Bc3 Bc6 70. Kf4 Ke6 71. g4 Ba4 72. Ke3 Bd1 73. g5 Bc2 74. Kd4 Bb3 75. g6 Kd7 76. Bb4 Bc2 77. g7 Bb3 78. Ke4 Be6 79. Kf4 Bg8 80. Kg5 Ke6 81. Kh6 Kd7 82. Bc5 Ke6 83. Bg1 Kd7 84. Kg6 Ke6 85. Bd4 Kd7 86. Bg1 Ke6 87. Be3 Kd7 88. Bf4 Ke6 89. Bg5 Kd7 90. Bf4 Ke6 91. Bd2 Kd7 92. Be1 Ke6 93. Kh6 Kd7 94. Bb4 Ke6 95. Be1 Kd7 96. Bb4 Ke6 97. Bc5 Kd7 98. Bg1 Ke6 99. Kg6 Kd7 100. Be3 Ke6 101. Bg5 Kd7 102. Bd2 Ke6 103. Ba5 Kd7 104. Be1 Ke6 105. Bb4 Kd7 106. Bc5 Ke6 107. Kh6 Kd7 108. Be3 Ke6 109. Kg6 Kd7 110. Bc5 Ke6 111. Bd4 Kd7 112. Kh6 Ke6 113. Bb6 Kd7 114. Bc5 Ke6 115. Bb6 Kd7 116. Bf2 Ke6 117. Ba7 Kd7 118. Be3 Ke6 119. Bd2 Kd7 120. Kg6 Ke6 121. Bc1 Kd7 122. Ba3 Ke6 123. Bb2 Kd7 124. Ba3 1/2-1/2

[Event "TCEC Season 22 - Infrafinal"]
[Site "https://tcec-chess.com"]
[Date "2022.04.01"]
[Round "29.1"]
[White "rofChade 2.323"]
[Black "LCZero 0.29-dev+_AP-Mish-2M"]
[Result "1/2-1/2"]
[ECO "C02"]
[WhiteElo "3484"]
[BlackElo "3589"]
[Annotator "NA"]
[PlyCount "295"]
[EventDate "2022.??.??"]
[SourceTitle "playchess.com"]
[Source "ChessBase"]
[SourceQuality "1"]
[TimeControl "5400+9"]

1. e4 e6 2. d4 d5 3. e5 b6 4. c3 c5 5. Bd3 Ne7 6. Nd2 Qd7 7. Ndf3 Ba6 8. Bxa6 Nxa6 9. Ne2 Nb8 10. Bd2 Nbc6 11. O-O Ng6 12. h4 h5 13. Re1 Rc8 14. Rc1 Be7 15. g3 Bd8 16. Bg5 Nce7 17. Rc2 c4 18. Kg2 a5 19. Rc1 b5 20. a3 a4 21. Rc2 Nf5 22. Bxd8 Kxd8 23. Neg1 Kc7 24. Rce2 Rh6 25. Nh3 Nge7 26. Nfg5 Ng6 27. Rd2 Rg8 28. Kh1 Kd8 29. Kh2 Kc8 30. Ng1 Nf8 31. N5h3 Ng6 32. Ng5 Nf8 33. Rde2 Kd8 34. N1f3 Rhh8 35. Qd2 Ng6 36. Ng1 Nf8 37. N1h3 Ng6 38. Ng1 Nf8 39. Qc2 Kc8 40. N1h3 Ng6 41. Qb1 Rh6 42. Nf3 Rf8 43. Nhg5 Nge7 44. Rf1 Qe8 45. Ne1 Rg8 46. Ng2 Ng6 47. Qd1 Rf8 48. Rfe1 Kd7 49. Ne3 Nge7 50. Ng2 Ng6 51. Rd2 Kc8 52. Ree2 Nge7 53. Nf4 Ng6 54. Nxg6 Rxg6 55. Qc1 Rh6 56. Rd1 Rg8 57. Qd2 Qe7 58. Rg1 Rg6 59. Ree1 Qd7 60. Qe2 Rh6 61. Qf3 Kc7 62. Re2 Kc6 63. Rc1 Re8 64. Rce1 Rg8 65. Ra1 Re8 66. Rae1 Kc7 67. Nh3 Rg8 68. Ng5 Kc6 69. Ra1 Re8 70. Ree1 Rg8 71. Rad1 Rf8 72. Rc1 Rg8 73. Ra1 Rf8 74. Nh3 Re8 75. Qe2 Rg8 76. Rac1 Qe8 77. Ng5 Kd7 78. Ra1 Qf8 79. Qf3 Kc6 80. Nh3 Qe8 81. Rg1 Qd7 82. Rge1 Kc7 83. Ng5 Kc6 84. Rac1 Rgh8 85. Re2 Re8 86. Ree1 Rg8 87. Nh3 Rgh8 88. Rh1 Rg8 89. Qe2 Qe7 90. Qf3 Qd7 91. Kg1 Rgh8 92. Nf4 Qd8 93. Kf1 Ne7 94. Ng2 Qg8 95. Re1 Kd7 96. Qf4 Rg6 97. Qf3 Rgh6 98. Rg1 g5 99. hxg5 Rg6 100. Ne3 Rxg5 101. Rh1 Qg6 102. Rh3 Rf8 103. Kg1 f5 104. Ng2 f4 105. Nxf4 Qg8 106. Kf1 Nf5 107. Kg1 h4 108. Kg2 Kc6 109. Kh2 Rg7 110. Rh1 Rff7 111. Kg1 Kb6 112. Kg2 Rg4 113. Kh2 Ka5 114. Rf1 Rf8 115. Rg1 Nh6 116. Rg2 Rf7 117. Kh1 Qg5 118. Kh2 Qf5 119. Rg1 Kb6 120. Kh1 Ka6 121. Kh2 Rf8 122. Kh1 Kb6 123. Rh2 Kb7 124. Qe3 Qf7 125. Rgg2 Kc6 126. Qd2 Nf5 127. gxh4 Rfg8 128. Rxg4 Rxg4 129. Ng2 Ng3+ 130. Kg1 Nh5 131. Rh3 Qf5 132. Qe3 b4 133. cxb4 Kb5 134. Kh2 Rg8 135. Qf3 Qg6 136. Rg3 Nxg3 137. fxg3 Qd3 138. Ne3 Rb8 139. Qf7 Qxe3 140. Qd7+ Ka6 141. Qxe6+ Ka7 142. Qd7+ Rb7 143. Qxa4+ Kb8 144. Qe8+ Kc7 145. Qe7+ Kc8 146. Qf8+ Kc7 147. Qe7+ Kc8 148. Qe8+ 1/2-1/2

[Event "TCEC Season 22 - Infrafinal"]
[Site "https://tcec-chess.com"]
[Date "2022.04.02"]
[Round "31.1"]
[White "rofChade 2.323"]
[Black "LCZero 0.29-dev+_AP-Mish-2M"]
[Result "1/2-1/2"]
[ECO "D31"]
[WhiteElo "3484"]
[BlackElo "3589"]
[Annotator "NA RC"]
[PlyCount "302"]
[EventDate "2022.??.??"]
[SourceTitle "playchess.com"]
[Source "ChessBase"]
[SourceQuality "1"]
[TimeControl "5400+9"]

1. d4 d5 2. c4 e6 3. Nc3 f5 4. Nf3 Nf6 5. Bf4 Bd6 6. e3 O-O 7. Bxd6 Qxd6 8. Bd3 a6 9. O-O Bd7 10. a3 Bc6 11. Ne5 Nbd7 12. Nxc6 dxc4 13. Bxc4 Qxc6 14. Ba2 Kh8 15. Qb3 Rae8 16. Ne2 Nd5 17. Nf4 Nxf4 18. exf4 Re7 19. Rae1 Rfe8 20. Re2 Nf6 21. Rfe1 g6 22. g3 Kg7 23. Rxe6 Rxe6 24. Rxe6 Rxe6 25. Qxe6 Qxe6 26. Bxe6 Ne8 27. Kg2 Kf6 28. Ba2 c6 29. a4 a5 30. d5 c5 31. Kf1 Nd6 32. Ke2 Ke7 33. Kd3 Ke8 34. Bb3 Ke7 35. Bd1 Ke8 36. Kc3 Kf7 37. Bf3 Kf8 38. Be2 Ke8 39. Kd3 Ke7 40. Bd1 Kf8 41. h3 h5 42. Bc2 Kf7 43. Bb3 Kg7 44. Bc4 Kf7 45. h4 Kg7 46. Bb3 Kh7 47. Bc2 Kh6 48. Bb1 Kh7 49. Kd2 Kh6 50. Ba2 Kh7 51. Bb1 Kh6 52. Ba2 Kh7 53. Kc2 Kh6 54. Bb1 Kh7 55. Kc1 Kh6 56. Kd2 Kh7 57. Kd3 Kh6 58. Kc2 Kh7 59. Kd3 Kh6 60. Ke2 Kh7 61. Bc2 Kh6 62. Bd1 Kh7 63. Kd3 Kh6 64. Kd2 Kh7 65. Bb3 Kh6 66. Ke2 Kh7 67. Kd2 Kh6 68. Kd3 Kh7 69. Ke2 Kh6 70. Kd1 Kh7 71. Bc2 Kh6 72. Kd2 Kh7 73. Kc3 Kg7 74. Bb1 Kh7 75. Bd3 Kh6 76. Bc2 Kh7 77. f3 Kg7 78. Bb3 b6 79. Ba2 Kh7 80. Bb3 Kh6 81. Bd1 Kh7 82. Kd3 Kh6 83. Ke2 Kh7 84. Ke1 Kh8 85. Bc2 Kh7 86. Bd3 Kg7 87. Kd2 Kh6 88. Be2 Kh7 89. Bf1 Kg8 90. Ba6 Kg7 91. Kc3 Kg8 92. Be2 Kg7 93. Ba6 Kg8 94. Bc4 Kh7 95. Kb3 Kh6 96. Kc3 Kh7 97. Kd3 Kh6 98. Ba6 Kh7 99. Kd2 Kg8 100. Bf1 Kh7 101. Bd3 Kg7 102. Bc2 Kh7 103. Ke2 Kh8 104. Bd3 Kh7 105. Kd2 Kh8 106. Kd1 Kg7 107. Bf1 Kh8 108. b3 Kh7 109. Ke1 Kg7 110. Be2 Kh7 111. Ba6 Kg7 112. Kd2 Kh8 113. Kd1 Kg7 114. Kd2 Kh8 115. Bf1 Kh7 116. Kc2 Kh6 117. Kd2 Kh7 118. Be2 Kh6 119. Bd1 Kh7 120. Bc2 Kg7 121. Bd3 Kh7 122. Bb1 Kg7 123. Bc2 Kh7 124. Ke1 Kg7 125. Bd3 Kh7 126. Bf1 Kh6 127. Be2 Kh7 128. Kd2 Kh6 129. Bd3 Kg7 130. Ke2 Kh7 131. Ke1 Kg7 132. Kd2 Kh6 133. Kc3 Kh7 134. Be2 Kg7 135. Bd3 Kh7 136. Kc2 Kh6 137. Kd1 Kh7 138. g4 Kh6 139. Be2 Kg7 140. Kc2 Kf7 141. Kd2 Kg7 142. gxh5 gxh5 143. Kd3 Kf7 144. Bd1 Ke7 145. Bc2 b5 146. Bd1 b4 147. Be2 Kd7 148. Bd1 Kc7 149. Bc2 Kd7 150. Ke3 Ke7 151. Bd3 Kf6 1/2-1/2

[Event "TCEC Season 22 - Infrafinal"]
[Site "https://tcec-chess.com"]
[Date "2022.04.02"]
[Round "33.1"]
[White "rofChade 2.323"]
[Black "LCZero 0.29-dev+_AP-Mish-2M"]
[Result "1/2-1/2"]
[ECO "B15"]
[WhiteElo "3484"]
[BlackElo "3589"]
[Annotator "NA RC"]
[PlyCount "100"]
[EventDate "2022.??.??"]
[SourceTitle "playchess.com"]
[Source "ChessBase"]
[SourceQuality "1"]
[TimeControl "5400+9"]

1. e4 c6 2. d4 d5 3. Nc3 g6 4. e5 Bg7 5. Bf4 Nd7 6. Qd2 Nf8 7. h3 h5 8. O-O-O Nh6 9. Nf3 Ne6 10. Be3 Nf5 11. Bd3 Nxe3 12. fxe3 Bh6 13. Kb1 Bd7 14. Rhf1 Qc7 15. Nh4 Ng5 16. Na4 b6 17. Qe2 O-O-O 18. Nf3 Ne4 19. Bxe4 dxe4 20. Nd2 c5 21. Nc3 Be6 22. Nb5 Qb7 23. Nb3 Qd5 24. Nc3 Qc4 25. Qf2 cxd4 26. Nxd4 Rd7 27. Nxe6 Qxe6 28. Rxd7 Kxd7 29. Qd2+ Kc8 30. Nd5 Kb8 31. Qd4 Rd8 32. c4 Rc8 33. Qxe4 f5 34. Qd4 Rd8 35. a4 Bg7 36. e4 Bxe5 37. exf5 Qxf5+ 38. Rxf5 Bxd4 39. Rf7 Rc8 40. b3 Bc5 41. Kc2 a5 42. Nc3 Rc6 43. Rf8+ Kc7 44. Ne4 Re6 45. Nxc5 bxc5 46. Kd3 Rb6 47. Kc3 Re6 48. Ra8 Re3+ 49. Kb2 Kb6 50. Rb8+ Ka6 1/2-1/2